Map: Nachtschatten LE

Players

cyrild - Winner!

  • Race: Protoss Protoss
  • League: Platinum
  • Spawn Location: 5:00

eSka

  • Race: Protoss Protoss
  • Spawn Location: 11:00

VOD

Have the link to the VOD?

Description

Time

  • Played on: Dec. 13, 2019, 10:19 a.m.
  • Length: 6:32
Show
View Real Time Build Order
Export as new Build Order

cyrild Protoss - Winner!

Build Orders: Blink Stalkers 

Get SALT Encoding   

  12  0:02  Probe  
  13  0:14  Probe (Chrono Boost)  
  14  0:20  Pylon  
  14  0:26  Probe (Chrono Boost)  
  15  0:37  Probe (Chrono Boost)  
  15  0:39  Gateway  
  16  0:46  Probe  
  17  0:52  Assimilator  
  17  0:58  Probe  
  18  1:06  Assimilator  
  18  1:10  Probe  
  19  1:22  Probe  
  20  1:26  Cybernetics Core  
  20  1:30  Pylon  
  20  1:34  Probe  
  21  1:47  Probe  
  22  1:59  Probe  
  23  2:08  Nexus  
  23  2:16  Probe, Warp Gate (Chrono Boost)  
  23  2:17  Stalker  
  26  2:27  Robotics Facility  
  26  2:30  Probe  
  27  2:42  Probe (Chrono Boost)  
  28  2:50  Twilight Council  
  29  2:52  Probe (Chrono Boost)  
  29  2:57  Probe (Chrono Boost)  
  30  3:08  Probe  
  31  3:14  Gateway  
  31  3:15  Gateway  
  31  3:19  Stalker  
  33  3:20  Probe  
  33  3:27  Blink (Chrono Boost)  
  33  3:33  Probe  
  33  3:38  Probe  
  33  3:45  Probe  
  34  3:50  Probe  
  35  3:57  Probe  
  37  4:04  Probe (Chrono Boost)  
  37  4:09  Probe (Chrono Boost)  
  38  4:16  Warp Prism  
  41  4:18  Probe (Chrono Boost)  
  41  4:19  Probe (Chrono Boost)  
  41  4:23  Probe (Chrono Boost)  
  44  4:37  Pylon  
  43  4:39  Pylon  
  43  4:41  Assimilator  
  43  4:44  Assimilator, Gateway x2  
  43  4:46  Gateway  
  43  4:56  Stalker x2  
  47  5:22  Nexus  
  47  5:24  Assimilator  
  47  5:27  Assimilator  
  47  5:30  Pylon  
  47  5:33  Pylon  
  47  5:34  Stalker x2  
  47  5:35  Stalker  
  53  6:03  Stalker x5  
  53  6:04  Stalker  
Show
View Real Time Build Order
Export as new Build Order

eSka Protoss 

Build Orders: Blink Stalkers 

Get SALT Encoding   

  12  0:00  Probe (Chrono Boost)  
  13  0:13  Probe (Chrono Boost)  
  14  0:17  Pylon  
  14  0:24  Probe (Chrono Boost)  
  15  0:36  Probe  
  15  0:41  Gateway  
  16  0:48  Probe  
  17  0:52  Assimilator  
  17  1:00  Probe  
  18  1:15  Probe  
  19  1:19  Gateway  
  19  1:27  Probe (Chrono Boost)  
  20  1:34  Cybernetics Core  
  20  1:37  Pylon  
  20  1:39  Probe (Chrono Boost)  
  21  2:00  Assimilator  
  21  2:04  Probe  
  22  2:14  Adept (Chrono Boost)  
  22  2:16  Probe  
  22  2:18  Warp Gate  
  27  2:24  Adept (Chrono Boost)  
  27  2:45  Twilight Council  
  27  3:03  Stalker x2, Nexus  
  31  3:05  Pylon  
  31  3:34  Blink (Chrono Boost)  
  27  3:46  Robotics Facility  
  27  3:50  Gateway  
  27  3:52  Gateway  
  27  3:53  Gateway  
  27  4:00  Probe  
  28  4:12  Pylon  
  28  4:13  Probe (Chrono Boost)  
  29  4:19  Probe (Chrono Boost)  
  31  4:26  Stalker  
  31  4:29  Probe x2 (Chrono Boost)  
  34  4:34  Stalker  
  34  4:36  Probe  
  37  4:45  Warp Prism  
  39  4:55  Stalker  
  39  4:57  Sentry  
  43  5:05  Probe x2  
  45  5:17  Stalker x2  
  45  5:18  Stalker  
  51  5:24  Observer  
  52  5:33  Probe, Pylon x2  
  52  5:34  Probe  
  54  5:43  Stalker  
  54  5:44  Stalker  
  54  5:45  Probe  
Tags
 
Add a new tag
Caveats
  • Supply blocks, unpowered buildings, or Contaminate may cause inaccurate times.
  • Supply counts are checked every 10 seconds.